 Dungeon Sprint DCSS version 0.28-a0-925-gd5e1996cdb (webtiles) character file.

Game seed: 6772634565733389891

297 gigimoi the Cleaver (level 6, 0/93 HPs)
             Began as a Hill Orc Berserker on Nov 26, 2021.
             Was a Believer of Trog.
             Asphyxiated
             ... in the Dungeon (Sprint I: "Red Sonja").
             The game lasted 00:00:48 (644 turns).

gigimoi the Cleaver (Hill Orc Berserker)             Turns: 644, Time: 00:00:49

Health: 0/93       AC:  2    Str: 22    XL:     6   Next: 35%
Magic:  6/6        EV: 13    Int:  7    God:    Trog [**....]
Gold:   181        SH:  0    Dex: 10    Spells: 5/5 levels left

rFire   . . .      SeeInvis .   a - +0 hand axe
rCold   . . .      Faith    .   (no shield)
rNeg    . . .      Spirit   .   b - +0 animal skin
rPois   .          Reflect  .   (no helmet)
rElec   .          Harm     .   (no cloak)
rCorr   .          Rampage  .   (no gloves)
Will    .....      NoTele   +   (no boots)
Stlth   ..........              (no amulet)
HPRegen 0.25/turn               (no ring)
MPRegen 0.10/turn               (no ring)

@: berserking (expiring), lethally poisoned (0 -> -47), very quick
A: no striking features
a: Renounce Religion, Berserk, Trog's Hand


You were in the Dungeon.
You worshipped Trog.
Trog was pleased with you.
You visited 1 branch You collected 181 gold pieces.

Inventory:

Hand Weapons
 a - a +0 hand axe (weapon)
Armour
 b - a +0 animal skin (worn)
Scrolls
 h - a scroll of blinking
Potions
 c - a potion of curing
 d - a potion of heal wounds
 e - a potion of haste
 f - 2 potions of magic
 g - a potion of berserk rage


   Skills:
 + Level 8.5 Fighting
 + Level 9.3 Axes
 + Level 7.3 Armour
 + Level 5.5 Dodging


You had 5 spell levels left.
You didn't know any spells.
Your spell library was empty.

Dungeon Overview and Level Annotations

Branches:
Dungeon (1/1)

Altars:
Sif Muna
Vehumet
Wu Jian

Annotations:
D Sonja


Message History

You feel very sick.
You barely miss Sonja.
You feel sick.
Sonja hits you with a +0 short sword of venom!
You are more poisoned.
Sonja hits you with a +0 short sword of venom.
You are more poisoned.
Sonja barely misses you.
You closely miss Sonja.
You feel very sick.
Sonja hits you with a +0 short sword of venom.
You are more poisoned.
Sonja hits you with a +0 short sword of venom.
You are lethally poisoned!
Sonja hits you with a +0 short sword of venom.
You slash Sonja!
Sonja is moderately wounded.
You feel very sick.
You slash Sonja!
Sonja is severely wounded.
You feel very sick.
Sonja hits you with a +0 short sword of venom!
* * * LOW HITPOINT WARNING * * *
You are more poisoned.
Sonja closely misses you. x2
You hit Sonja.
Sonja is severely wounded.
* * * LOW HITPOINT WARNING * * *
You feel very sick.
Sonja gestures wildly while chanting.
Sonja blinks!
* * * LOW HITPOINT WARNING * * *
You feel very sick.
There is an open door, spattered with blood here.
You feel a strong urge to attack something.
* * * LOW HITPOINT WARNING * * *
You feel extremely sick.
Sonja throws a curare-tipped dart.
The curare-tipped dart hits you.
You are more poisoned.
You have difficulty breathing.
You die...

#..').#..').#..+
#..#####'#####'#
#..# #..# #.#
#..# #### ##.#
#..# #+#_.+ #⌠⌠#
+..._# ####
#_K#+# ##§# #@#
+$.$+ #$.$#
##.## #+#


You could see Sonja.

Vanquished Creatures
  Sigmund (D)
  An ogre (D)
  A jelly (D)
  Ijyb (D)
4 creatures vanquished.

Notes
Turn   | Place    | Note
-------+----------+-------------------------------------------
     0 | D        | gigimoi the Hill Orc Berserker began the quest for the Orb.
     0 | D        | Reached XP level 1. HP: 19/19 MP: 1/1
     1 | D        | Noticed Ijyb
    16 | D        | Killed Ijyb
    17 | D        | Reached skill level 5 in Fighting
    17 | D        | Reached skill level 5 in Axes
    17 | D        | Reached XP level 2. HP: 16/29 MP: 2/2
    17 | D        | Reached XP level 3. HP: 20/36 MP: 3/3
   233 | D        | Noticed an ogre
   237 | D        | Killed an ogre
   238 | D        | Reached skill level 7 in Axes
   238 | D        | Reached skill level 5 in Armour
   238 | D        | Reached XP level 4. HP: 37/45 MP: 4/4
   371 | D        | Noticed Sigmund
   376 | D        | Killed Sigmund
   376 | D        | Reached ** piety under Trog
   377 | D        | Reached skill level 9 in Axes
   377 | D        | Reached skill level 5 in Dodging
   377 | D        | Reached XP level 5. HP: 53/53 MP: 5/5
   377 | D        | Reached XP level 6. HP: 61/61 MP: 6/6
   420 | D        | Found an ornate altar of the Wu Jian Council.
   420 | D        | Found a shimmering blue altar of Sif Muna.
   422 | D        | Found a radiant altar of Vehumet.
   633 | D        | Noticed Sonja
   644 | D        | HP: 4/93 [poisoned by Sonja]
   644 | D        | Asphyxiated

Illustrated notes

Levels and vault maps discovered:
D:        dungeon_sprint_1 [red_sonja_temple_1, red_sonja_temple_small_1]

Skill      XL: |  1  2  3  4 |
---------------+-------------+-----
Fighting       | 5 6 8 |  8.5
Axes           | 5 7 9 |  9.3
Armour         | 3 5 7 |  7.3
Dodging        | 2 4 5 |  5.5

Action                   |  1- 3 |  4- 6 || total
-------------------------+-------+-------++-------
Melee: Hand axe          |    16 |    21 ||    37
Invok: Berserk           |     2 |     3 ||     5
Armor: Animal skin       |     1 |     1 ||     2
Dodge: Dodged            |     5 |    11 ||    16

Table legend: (Time is in decaauts)
 A = Elapsed time spent in this place.
 B = Non-inter-level travel time spent in this place.
 C = Inter-level travel time spent in this place.
 D = Time resting spent in this place.
 E = Time spent auto-exploring this place.
 F = Levels seen in this place.
 G = Mean time per level.
                   A        B        C        D        E       F      G
               +--------+--------+--------+--------+--------+-----+--------+
         Total |    676 |    673 |      3 |    599 |     25 |   1 |  676.0 |
       Dungeon |    676 |    673 |      3 |    599 |     25 |   1 |  676.0 |
               +--------+--------+--------+--------+--------+-----+--------+

Top non-repeatable levels by time:
       D: 676 daAuts
